TOP OF THE 1ST |
Niagara Falls Frenzy batting - Pitching for Los Cabos Cartel : RHP Marty Burgess
|
Pitching: RHP Marty Burgess
|
|
Batting: SHB Martín De Jesús
|
0-0: Ball 1-0: Ball 2-0: Ball 3-0: Called Strike 3-1: Base on Balls
|
Batting: LHB Clyde Yarbrough
|
0-0: Ball 1-0: 2-RUN HOME RUN (Flyball, 89XD), Distance : 391 ft
|
Batting: LHB Dante Owens
|
0-0: Ball 1-0: Ball 2-0: Ball 3-0: Base on Balls
|
Batting: RHB Lawrence Schroeder
|
0-0: Ball 1-0: Called Strike 1-1: Foul Ball, location: 2F 1-2: Foul Ball, location: 2F 1-2: Ball 2-2: Ball 3-2: Ground out 1-3 (Groundball, 34S) Dante Owens to second
|
Batting: LHB Bill Hall
|
0-0: Ball 1-0: Foul Ball, location: 2F 1-1: Fly out, F7 (Line Drive, 7D) Runner from 2nd tags up, SAFE at 3rd, no throw
|
Batting: RHB Ángel Hinojosa
|
0-0: Ball 1-0: Called Strike 1-1: Ball 2-1: Called Strike 2-2: Fly out, F4 (Popup, 3D)
|
Top of the 1st over - 2 run(s), 1 hit(s), 0 error(s), 1 left on base; Niagara Falls 2 - Los Cabos 0 |
BOTTOM OF THE 1ST |
Los Cabos Cartel batting - Pitching for Niagara Falls Frenzy : RHP Luis López
|
Pitching: RHP Luis López
|
|
Batting: LHB Willie Wallace
|
0-0: Called Strike 0-1: Ground out U3 (Groundball, 3L)
|
Batting: LHB Miguel Rivería
|
0-0: Called Strike 0-1: Called Strike 0-2: Ball 1-2: SINGLE (Groundball, 34D)
|
Batting: RHB Stephen Wilson
|
0-0: Called Strike 0-1: Foul Ball, location: 2F 0-2: Ball 1-2: Ball 2-2: Ball 3-2: Ground out 6-3 (Groundball, 6) Miguel Rivería to second
|
Batting: SHB Rob Grun
|
0-0: Ground out 6-3 (Groundball, 6M)
|
Bottom of the 1st over - 0 run(s), 1 hit(s), 0 error(s), 1 left on base; Niagara Falls 2 - Los Cabos 0 |
TOP OF THE 2ND |
Niagara Falls Frenzy batting - Pitching for Los Cabos Cartel : RHP Marty Burgess
|
Batting: RHB Zander Tremblett
|
0-0: Swinging Strike 0-1: Foul Ball, location: 2F 0-2: SINGLE (Line Drive, 9S)
|
Batting: SHB Jong-min Kim
|
0-0: Ball 1-0: Called Strike 1-1: Foul Ball, location: 2F 1-2: Foul Ball, location: 2F 1-2: Strikes out swinging
|
Batting: RHB Santiago Zambrano
|
0-0: Called Strike 0-1: Ball 1-1: Swinging Strike 1-2: Strikes out swinging
|
Batting: SHB Martín De Jesús
|
0-0: Ball 1-0: Foul Ball, location: 2F 1-1: Ground out 1-3 (Groundball, 13S)
|
Top of the 2nd over - 0 run(s), 1 hit(s), 0 error(s), 1 left on base; Niagara Falls 2 - Los Cabos 0 |
BOTTOM OF THE 2ND |
Los Cabos Cartel batting - Pitching for Niagara Falls Frenzy : RHP Luis López
|
Batting: RHB Gerardo Escobedo
|
0-0: Ball 1-0: Swinging Strike 1-1: Ball 2-1: Ball 3-1: Swinging Strike 3-2: Foul Ball, location: 2F 3-2: Foul Ball, location: 2F 3-2: Ground out 4-3 (Groundball, 4M)
|
Batting: RHB John Pick
|
0-0: Called Strike 0-1: Ball 1-1: Ball 2-1: DOUBLE (Line Drive, 8LXD)
|
Batting: RHB Jesús Hernández
|
0-0: Ball John Pick steals 3rd base 1-0: Ball 2-0: Ground out 3-1 (Groundball, 3L)
|
Batting: RHB Sam Wallace
|
0-0: Ground out 6-3 (Groundball, 6M)
|
Bottom of the 2nd over - 0 run(s), 1 hit(s), 0 error(s), 1 left on base; Niagara Falls 2 - Los Cabos 0 |
TOP OF THE 3RD |
Niagara Falls Frenzy batting - Pitching for Los Cabos Cartel : RHP Marty Burgess
|
Batting: LHB Clyde Yarbrough
|
0-0: DOUBLE (Line Drive, 8RS)
|
Batting: LHB Dante Owens
|
0-0: 2-RUN HOME RUN (Flyball, 9LD), Distance : 370 ft
|
Batting: RHB Lawrence Schroeder
|
0-0: Ball 1-0: Called Strike 1-1: Called Strike 1-2: Fly out, F9 (Flyball, 9S)
|
Batting: LHB Bill Hall
|
0-0: Called Strike 0-1: Ground out U3 (Groundball, 3S)
|
Batting: RHB Ángel Hinojosa
|
0-0: Called Strike 0-1: Called Strike 0-2: Strikes out swinging
|
Top of the 3rd over - 2 run(s), 2 hit(s), 0 error(s), 0 left on base; Niagara Falls 4 - Los Cabos 0 |
BOTTOM OF THE 3RD |
Los Cabos Cartel batting - Pitching for Niagara Falls Frenzy : RHP Luis López
|
Batting: SHB Edgardo Osorio
|
0-0: Fly out, F7 (Flyball, 7M)
|
Batting: LHB Willie Wallace
|
0-0: Called Strike 0-1: Ball 1-1: SINGLE (Groundball, 4M) (infield hit)
|
Batting: LHB Miguel Rivería
|
0-0: Swinging Strike 0-1: Ball Willie Wallace is caught stealing 2nd base 1-1: Ball 2-1: Fly out, F7 (Flyball, 7M)
|
Bottom of the 3rd over - 0 run(s), 1 hit(s), 0 error(s), 0 left on base; Niagara Falls 4 - Los Cabos 0 |
TOP OF THE 4TH |
Niagara Falls Frenzy batting - Pitching for Los Cabos Cartel : RHP Marty Burgess
|
Batting: RHB Zander Tremblett
|
0-0: Called Strike 0-1: Ball 1-1: Foul Ball, location: 2F 1-2: Foul Ball, location: 2F 1-2: Ball 2-2: Strikes out swinging
|
Batting: SHB Jong-min Kim
|
0-0: Ball 1-0: Swinging Strike 1-1: Foul Ball, location: 2F 1-2: Fly out, F7 (Line Drive, 7M)
|
Batting: RHB Santiago Zambrano
|
0-0: Called Strike 0-1: Swinging Strike 0-2: Ball 1-2: Strikes out swinging
|
Top of the 4th over - 0 run(s), 0 hit(s), 0 error(s), 0 left on base; Niagara Falls 4 - Los Cabos 0 |
BOTTOM OF THE 4TH |
Los Cabos Cartel batting - Pitching for Niagara Falls Frenzy : RHP Luis López
|
Batting: RHB Stephen Wilson
|
0-0: Called Strike 0-1: Ball 1-1: Swinging Strike 1-2: Foul Ball, location: 2F 1-2: Ball 2-2: Ball 3-2: Strikes out looking
|
Batting: SHB Rob Grun
|
0-0: Ball 1-0: Ball 2-0: Called Strike 2-1: Ball 3-1: Ground out 5-3 (Groundball, 56S)
|
Batting: RHB Gerardo Escobedo
|
0-0: Called Strike 0-1: DOUBLE (Groundball, 5L)
|
Batting: RHB John Pick
|
0-0: Called Strike 0-1: Called Strike 0-2: Foul Ball, location: 2F 0-2: Ball Reached via error on a dropped throw, E3 Gerardo Escobedo to third
|
Batting: RHB Jesús Hernández
|
0-0: SINGLE (Groundball, 3D) Gerardo Escobedo scores John Pick to second Runner from 2nd tries for 3rd, SAFE, no throw or cutoff
|
Batting: RHB Sam Wallace
|
0-0: Called Strike 0-1: Ball 1-1: Fly out, F9 (Popup, 9S)
|
Bottom of the 4th over - 1 run(s), 2 hit(s), 1 error(s), 2 left on base; Niagara Falls 4 - Los Cabos 1 |
TOP OF THE 5TH |
Niagara Falls Frenzy batting - Pitching for Los Cabos Cartel : RHP Marty Burgess
|
Batting: SHB Martín De Jesús
|
0-0: Called Strike 0-1: Foul Ball, location: 2F 0-2: Foul Ball, location: 2F 0-2: Foul Ball, location: 2F 0-2: Strikes out swinging
|
Batting: LHB Clyde Yarbrough
|
0-0: Ball 1-0: Ball 2-0: Fly out, F8 (Flyball, 8LD)
|
Batting: LHB Dante Owens
|
0-0: Ball 1-0: Ball 2-0: Ball 3-0: Called Strike 3-1: Fly out, F8 (Line Drive, 8LM)
|
Top of the 5th over - 0 run(s), 0 hit(s), 0 error(s), 0 left on base; Niagara Falls 4 - Los Cabos 1 |
BOTTOM OF THE 5TH |
Los Cabos Cartel batting - Pitching for Niagara Falls Frenzy : RHP Luis López
|
Batting: SHB Edgardo Osorio
|
0-0: Swinging Strike 0-1: Ball 1-1: Swinging Strike 1-2: Reached on error, E6 (Groundball, 6)
|
Batting: LHB Willie Wallace
|
0-0: SINGLE (Groundball, 34D) (infield hit) Edgardo Osorio to third
|
Batting: LHB Miguel Rivería
|
0-0: Ball 1-0: Grounds out, U3 (Groundball, 3L) Edgardo Osorio scores
|
Batting: RHB Stephen Wilson
|
0-0: Ball 1-0: Ball 2-0: Ball 3-0: Base on Balls
|
Batting: SHB Rob Grun
|
0-0: Foul Ball, location: 2F 0-1: Swinging Strike 0-2: DOUBLE (Line Drive, 7LM) Willie Wallace scores Stephen Wilson to third
|
Batting: RHB Gerardo Escobedo
|
0-0: Called Strike 0-1: Ground out 3-1 (Groundball, 34) Stephen Wilson scores Rob Grun to third
|
Batting: RHB John Pick
|
0-0: Called Strike 0-1: Ball 1-1: Foul Ball, location: 2F 1-2: Ball 2-2: Ball 3-2: Fly out, F7 (Flyball, 7LM)
|
Bottom of the 5th over - 3 run(s), 2 hit(s), 1 error(s), 1 left on base; Niagara Falls 4 - Los Cabos 4 |
TOP OF THE 6TH |
Niagara Falls Frenzy batting - Pitching for Los Cabos Cartel : RHP Marty Burgess
|
Batting: RHB Lawrence Schroeder
|
0-0: Called Strike 0-1: Swinging Strike 0-2: SINGLE (Groundball, 56)
|
Batting: LHB Bill Hall
|
0-0: Ball 1-0: Foul Ball, location: 2F 1-1: Grounds into double play, 4-6-3 (Groundball, 34)
|
Batting: RHB Ángel Hinojosa
|
0-0: Ball 1-0: Foul Ball, location: 2F 1-1: Ball 2-1: Swinging Strike 2-2: Foul Ball, location: 2F 2-2: Ball 3-2: Strikes out swinging
|
Top of the 6th over - 0 run(s), 1 hit(s), 0 error(s), 0 left on base; Niagara Falls 4 - Los Cabos 4 |
BOTTOM OF THE 6TH |
Los Cabos Cartel batting - Pitching for Niagara Falls Frenzy : RHP Luis López
|
Batting: RHB Jesús Hernández
|
0-0: Ball 1-0: Ball 2-0: Ball 3-0: Ground out 4-3 (Groundball, 4)
|
Batting: RHB Sam Wallace
|
0-0: Ball 1-0: Called Strike 1-1: Ground out 4-3 (Groundball, 4)
|
Batting: SHB Edgardo Osorio
|
0-0: SINGLE (Line Drive, 8LS)
|
Batting: LHB Willie Wallace
|
0-0: Ball 1-0: Ball 2-0: Ball Edgardo Osorio is caught stealing 2nd base
|
Bottom of the 6th over - 0 run(s), 1 hit(s), 0 error(s), 0 left on base; Niagara Falls 4 - Los Cabos 4 |
TOP OF THE 7TH |
Niagara Falls Frenzy batting - Pitching for Los Cabos Cartel : RHP Marty Burgess
|
Batting: RHB Zander Tremblett
|
0-0: Called Strike 0-1: Ground out 4-3 (Groundball, 34)
|
Pinch Hitting: LHB Arturo López
|
0-0: Swinging Strike 0-1: Foul Ball, location: 2F 0-2: Strikes out swinging
|
Batting: RHB Santiago Zambrano
|
0-0: Ball 1-0: Foul Ball, location: 2F 1-1: Ball 2-1: Ground out 6-3 (Groundball, 6M)
|
Top of the 7th over - 0 run(s), 0 hit(s), 0 error(s), 0 left on base; Niagara Falls 4 - Los Cabos 4 |
BOTTOM OF THE 7TH |
Los Cabos Cartel batting - Pitching for Niagara Falls Frenzy : RHP Luis López
|
Pitching: RHP Ángel Francisco
|
|
Now at 1B: Arturo López
|
|
Batting: LHB Willie Wallace
|
0-0: Called Strike 0-1: Swinging Strike 0-2: Strikes out looking
|
Batting: LHB Miguel Rivería
|
0-0: Ground out U3 (Groundball, 3)
|
Pitching: LHP António Bueno
|
|
Batting: RHB Stephen Wilson
|
0-0: Called Strike 0-1: Called Strike 0-2: Ground out U3 (Groundball, 3)
|
Bottom of the 7th over - 0 run(s), 0 hit(s), 0 error(s), 0 left on base; Niagara Falls 4 - Los Cabos 4 |
TOP OF THE 8TH |
Niagara Falls Frenzy batting - Pitching for Los Cabos Cartel : RHP Marty Burgess
|
Pitching: LHP António Martínez
|
|
Batting: SHB Martín De Jesús
|
0-0: Called Strike 0-1: Swinging Strike 0-2: Ball 1-2: Foul Ball, location: 2F 1-2: Fly out, F9 (Flyball, 9M)
|
Batting: LHB Clyde Yarbrough
|
0-0: Called Strike 0-1: Ball 1-1: Ground out 6-3 (Groundball, 6M)
|
Batting: LHB Dante Owens
|
0-0: Ball 1-0: Swinging Strike 1-1: Foul Ball, location: 2F 1-2: Ball 2-2: Ball 3-2: Base on Balls
|
Batting: RHB Lawrence Schroeder
|
0-0: Ball 1-0: Swinging Strike 1-1: Ball 2-1: Called Strike 2-2: Foul Ball, location: 2F 2-2: Fly out, F3 (Popup, 3DF)
|
Top of the 8th over - 0 run(s), 0 hit(s), 0 error(s), 1 left on base; Niagara Falls 4 - Los Cabos 4 |
BOTTOM OF THE 8TH |
Los Cabos Cartel batting - Pitching for Niagara Falls Frenzy : LHP António Bueno
|
Batting: SHB Rob Grun
|
0-0: Ball 1-0: Foul Ball, location: 2F 1-1: Ball 2-1: DOUBLE (Groundball, 5L)
|
Batting: RHB Gerardo Escobedo
|
0-0: Called Strike 0-1: SINGLE (Line Drive, 9S) Rob Grun to third
|
Pinch Hitting: RHB Wilbert Rodgers
|
0-0: Foul Ball, location: 2F 0-1: Ball 1-1: Ball 2-1: SINGLE (Groundball, 56D) Rob Grun scores Gerardo Escobedo to second
|
Batting: RHB Jesús Hernández
|
0-0: Ball 1-0: Called Strike 1-1: Sac Bunt - play at first, batter OUT! 3-4 Gerardo Escobedo to third Wilbert Rodgers to second
|
Batting: RHB Sam Wallace
|
0-0: Intentional Walk
|
Batting: SHB Edgardo Osorio
|
0-0: Foul Ball, location: 2F 0-1: Swinging Strike 0-2: Fly out, F9 (Flyball, 89M) Runner from 3rd tags up, SCORES, throw made
|
Pitching: LHP Wilbert Cooper
|
|
Batting: LHB Willie Wallace
|
0-0: DOUBLE (Line Drive, 7LS) Wilbert Rodgers scores Sam Wallace to third
|
Batting: LHB Miguel Rivería
|
0-0: Fly out, F3 (Popup, 34S)
|
Bottom of the 8th over - 3 run(s), 4 hit(s), 0 error(s), 2 left on base; Niagara Falls 4 - Los Cabos 7 |
TOP OF THE 9TH |
Niagara Falls Frenzy batting - Pitching for Los Cabos Cartel : LHP António Martínez
|
Pitching: RHP Masahiko Okada
|
|
Now at 1B: Wilbert Rodgers
|
|
Batting: LHB Bill Hall
|
0-0: Ball 1-0: Ball 2-0: Ball 3-0: Called Strike 3-1: Foul Ball, location: 2F 3-2: Base on Balls
|
Batting: RHB Ángel Hinojosa
|
0-0: Ball 1-0: Called Strike 1-1: Foul Ball, location: 2F 1-2: Strikes out swinging
|
Batting: RHB Zander Tremblett
|
0-0: Grounds into double play, 4-6-3 (Groundball, 4)
|
Top of the 9th over - 0 run(s), 0 hit(s), 0 error(s), 0 left on base; Niagara Falls 4 - Los Cabos 7 |
|